 Dungeon Crawl Stone Soup version 0.13.1-27-ga479965 (webtiles) character file.

332 Chiseanne the Firebug (level 5, -7/35 HPs)
             Began as a Mummy Fire Elementalist on Feb 15, 2014.
             Killed by divine providence
             ... invoked by an orc priest
              (10 damage)
             ... on Level 3 of the Dungeon.
             The game lasted 00:12:43 (12810 turns).

Chiseanne the Firebug (Mummy Fire Elementalist)    Turns: 12810, Time: 00:12:43

HP  -7/35        AC  3     Str 11      XL: 5   Next: 45%
MP   6/10        EV 10     Int 15      God:
Gold 137         SH  0     Dex 12      Spells:  4 memorised,  1 level left

Res.Fire  : x . .   See Invis. : .   m - +0,+1 orc dagger (distort)
Res.Cold  : + + .   Warding    : .   q - +0 leather armour
Life Prot.: + + +   Conserve   : .   (no shield)
Res.Poison: +       Res.Corr.  : .   (no helmet)
Res.Elec. : .       Clarity    : .   (no cloak)
Sust.Abil.: . .     Spirit.Shd : .   (no gloves)
Res.Mut.  : +       Stasis     : .   (no boots)
Res.Rott. : +       Flight     : .   a - amulet of resist mutation
Saprovore : . . .                    (no ring)
                                     n - ring of protection from cold

@: slightly resistant to hostile enchantments, unstealthy
A: no food or potions, fire vulnerability, restore body, cold resistance 1, life
protection 3, poison resistance, torment resistance, unbreathing
a: no special abilities


You were on level 3 of the Dungeon.
You were not hungry.

You visited 1 branch of the dungeon, and saw 3 of its levels.

You collected 117 gold pieces.

Inventory:

Hand weapons
 h - a +0,+2 short sword of speed {*Goblinkiller*}
 m - a +0,+1 orcish dagger of distortion (weapon)
 p - a +0,+2 orcish dagger of speed
Missiles
 d - 21 bolts
 e - 17 bolts of flame
 f - 17 arrows
 g - 53 darts (quivered)
Armour
 l - a +0 shield
 q - a +0 leather armour (worn)
Scrolls
 i - 2 scrolls of remove curse
 o - 2 scrolls of teleportation
Jewellery
 a - an amulet of resist mutation (around neck)
 n - a ring of protection from cold (left hand)
Books
 b - a book of Flames

   Spells                             Type                      Level
   *Flame Tongue                      Conjuration/Fire             1
   *Throw Flame                       Conjuration/Fire             2
   *Conjure Flame                     Conjuration/Fire             3
   *Inner Flame                       Hexes/Fire                   3
   Sticky Flame                       Conjuration/Fire             4
   Fireball                           Conjuration/Fire             5


   Skills:
 - Level 1.5 Dodging
 - Level 1.5 Stealth
 * Level 3.1 Spellcasting
 - Level 0.7 Conjurations
 * Level 4.2 Fire Magic


You had one spell level left.
You knew the following spells:

 Your Spells              Type           Power        Failure   Level  Hunger
a - Flame Tongue          Conj/Fire      #....        10%         1    N/A
b - Throw Flame           Conj/Fire      #.....       12%         2    N/A
c - Conjure Flame         Conj/Fire      #.......     24%         3    N/A
d - Inner Flame           Hex/Fire       #.......     30%         3    N/A

Dungeon Overview and Level Annotations

Branches:
Dungeon (3/27)

Altars:


Innate Abilities, Weirdness & Mutations

You do not eat or drink.
Your flesh is vulnerable to fire.
Your flesh is cold resistant.
You are immune to negative energy.
Your system is resistant to poisons.
You are immune to unholy pain and torment.
You can survive without breathing.


Message History

Casting: Flame Tongue
Confirm with . or Enter, or press ? or * to list all spells.
Aiming: Flame Tongue
Press: ? - help, Shift-Dir - straight line, f/p - orc priest
Aim: an orc priest, wielding an orcish club (heavily wounded)
The flame hits the orc priest.
The orc priest appears unharmed.
The orc priest is heavily wounded.
The orc priest calls down the wrath of Beogh upon you.
You resist.
You hit the orc priest but do no damage.
Space bends around the orc priest.
The orc priest is heavily wounded.
The orc priest hits you but does no damage.
The orc priest barely misses you.
You hit the orc priest but do no damage.
The orc priest is heavily wounded.
The orc priest blinks!
The orc priest mumbles some strange prayers to Beogh against you.
Something smites you!
You die...

... ##.#### .........
#...... #......>..#
#...... #...........#
#......
#.........#...##......
..#.........#
#.........
#...........#
####...... #....oo...#
#...... ##@# ###......
#%ยง# #......##
####$#### ##.#######
#.......### #....))..#
#....[..'o###........#
#.......#.....o......#
+.......#####........#
#...o...# #....)..!#
#.......# #.).......


You could see 2 orc priests and an orc.

Vanquished Creatures
  A quasit (D:3)
  An iguana (D:3)
  5 adders
  A giant mite (D:2)
  A worm (D:2)
  3 giant geckos
  2 orcs (D:3)
  6 bats
  A giant cockroach (D:1)
  10 goblins
  12 hobgoblins
  3 jackals (D:2)
  11 kobolds
  A quokka (D:3)
  4 ball pythons
  6 giant newts
  7 rats
75 creatures vanquished.

Notes
Turn   | Place    | Note
--------------------------------------------------------------
     0 | D:1      | Chiseanne, the Mummy Fire Elementalist, began the quest for the Orb.
     0 | D:1      | Reached XP level 1. HP: 13/13 MP: 3/3
   584 | D:1      | Reached XP level 2. HP: 16/19 MP: 0/4
  1047 | D:1      | Reached skill level 3 in Fire Magic
  1383 | D:2      | Reached XP level 3. HP: 17/24 MP: 0/6
  2448 | D:2      | Reached XP level 4. HP: 22/30 MP: 5/8
  2829 | D:3      | Learned a level 2 spell: Throw Flame
  2833 | D:3      | Learned a level 3 spell: Conjure Flame
  3277 | D:3      | Reached skill level 4 in Fire Magic
  3690 | D:3      | Reached XP level 5. HP: 31/35 MP: 8/10
  3695 | D:3      | Learned a level 3 spell: Inner Flame
 12399 | D:1      | Noticed an ogre mage
 12772 | D:3      | HP: 1/35 [orc priest/orcish flail (1)]
 12810 | D:3      | Killed from afar by an orc priest

Action                   |  1- 3 |  4- 6 || total
-------------------------+-------+-------++-------
Melee: Unarmed           |     9 |       ||     9
       Club              |     2 |       ||     2
       Short sword       |    45 |    66 ||   111
       Dagger            |       |     8 ||     8
 Cast: Flame Tongue      |    53 |    49 ||   102
       Throw Flame       |       |    34 ||    34
  Use: Scroll            |     1 |     3 ||     4
